 Dungeon Crawl Stone Soup version 0.21-a0-37-g7dc85f4 (webtiles) character file.

93 blackwizard the Ducker (level 4, -1/40 HPs)
             Began as a Troll Air Elementalist on May 28, 2017.
             Slain by an adder (5 damage)
             ... on level 2 of the Dungeon.
             The game lasted 00:09:06 (1777 turns).

blackwizard the Ducker (Troll Air Elementalist)     Turns: 1777, Time: 00:09:06

Health: -1/40      AC:  6    Str: 17    XL:     4   Next: 37%
Magic:  1/5        EV: 10    Int: 11    God:
Gold:   119        SH:  0    Dex: 10    Spells: 5/6 levels left

rFire    . . .     SeeInvis .   g - -3 short sword (curse)
rCold    . . .     Gourm    +   (no shield)
rNeg     . . .     Faith    .   a - +0 robe
rPois    .         Spirit   .   (helmet restricted)
rElec    .         Reflect  .   m - +0 cloak
rCorr    .         Harm     .   (gloves unavailable)
MR       .....                  (boots unavailable)
Stlth    +.........             (no amulet)
Regen    0.6/turn               (no ring)
MPRegen  0.1/turn               (no ring)

@: lethally poisoned (-1 -> -2), very slightly contaminated
A: unfitting armour, claws 3, fast metabolism 3, gourmand, regeneration 1,
shaggy fur 1, tough skin 2
a: no special abilities


You were on level 2 of the Dungeon.
You were hungry.

You visited 1 branch of the dungeon, and saw 2 of its levels.

You collected 119 gold pieces.

Inventory:

Hand Weapons
 g - a cursed -3 short sword (weapon)
 h - a +0 spear
 p - a +0 hunting sling
 s - a +0 dagger
Missiles
 c - 2 throwing nets
 d - 53 stones (quivered)
 i - 24 arrows
 j - 16 poisoned needles
 k - 19 bolts
Armour
 a - a +0 robe (worn)
 m - a +0 cloak (worn)
 n - a +0 pair of boots
 t - a +0 robe
Scrolls
 e - a scroll of identify {unknown}
 o - a scroll of noise {unknown}
Potions
 f - a potion of curing {unknown}
 l - 3 potions of flight {unknown}
 r - a potion of ambrosia {unknown}
Books
 b - a book of Air

   Spells                             Type                      Level
   a - Shock                          Conjuration/Air              1
   b - Swiftness                      Charms/Air                   2
   c - Static Discharge               Conjuration/Air              3
   d - Airstrike                      Air                          4
   e - Lightning Bolt                 Conjuration/Air              5


   Skills:
 + Level 0.4 Fighting
 + Level 1.2 Short Blades
 + Level 2.4 Dodging
 + Level 1.2 Stealth
 + Level 1.2 Unarmed Combat
 + Level 1.5 Spellcasting
 + Level 0.6 Conjurations
 + Level 2.2 Air Magic


You had 5 spell levels left.
You knew the following spells:

 Your Spells              Type           Power        Failure   Level  Hunger
a - Shock                 Conj/Air       #...         17%         1    ##.....


Dungeon Overview and Level Annotations

Branches:
Dungeon (2/15)

Altars:

Annotations:
D:2 Robin


Innate Abilities, Weirdness & Mutations

You are too large for most types of armour.
You have claws for hands.
Your metabolism is lightning-fast.
You like to eat raw meat.
Your natural rate of healing is unusually fast.
You are covered in fur. (AC +1)
You have very tough skin. (AC +2)


Message History

You are more poisoned.
The adder poisons you!
You feel sick. The adder bites you.
* * * LOW HITPOINT WARNING * * *
The adder completely misses you.
You feel sick.
You feel sick. The adder barely misses you.
You see here a goblin corpse.
You feel sick.
Robin of the Strong Arm comes into view.
She is wielding a club.
You feel sick.
A goblin comes into view.
The goblin shouts!
You hear a shout! x2
A goblin and a kobold come into view.
You feel sick.
Robin roars a battlecry!
The goblin goes into a battle-frenzy!
The adder bites you.
You die...

#.# # ..##.# #K ###.##.#
.#. .÷...#.# ... #
###..#.# #.# #.# #..#.#
####g## ..
#..#.###.##...###.#...
###..#....#...#.ggg....)
.........###....@###.g..
####.####.#.####S### .
#.# ##.# #.....# .. #.#
#.# #.#.#.###...# #.#
#.# #..†.......# #.# #.#
#.#.#.###### #.# #.#
#.....# #.# #.#
#.#.############. #.#
#.# #.#.†...)......(.


You could see Robin, an adder, 3 goblins and a kobold (wandering).

Vanquished Creatures
  Jessica (D:2)
  A gnoll (D:1)
  A dart slug (D:1)
  7 giant cockroaches
  12 goblins
  5 hobgoblins
  6 jackals (D:1)
  4 kobolds (D:1)
  6 bats
  A frilled lizard (D:1)
  5 rats
49 creatures vanquished.

Notes
Turn   | Place    | Note
-------+----------+-------------------------------------------
     0 | D:1      | blackwizard the Troll Air Elementalist began the quest for the Orb.
     0 | D:1      | Reached XP level 1. HP: 16/16 MP: 1/1
   181 | D:1      | Reached XP level 2. HP: 18/24 MP: 3/3
   583 | D:1      | Paralysed by fainting for 7 turns
   647 | D:1      | Reached skill level 1 in Unarmed Combat
   726 | D:1      | Reached XP level 3. HP: 14/31 MP: 4/4
  1463 | D:2      | Reached skill level 1 in Short Blades
  1602 | D:2      | Noticed Jessica
  1614 | D:2      | Killed Jessica
  1614 | D:2      | Reached XP level 4. HP: 39/40 MP: 5/5
  1775 | D:2      | Noticed Robin
  1777 | D:2      | Slain by an adder

Vault maps used:
D:1:      evilmike_arrival_fibonacci_small
D:2:      cheibrodos_old_hovel, uniq_robin, uniq_jessica

Skill      XL: |  1  2  3 |
---------------+----------+-----
Unarmed Combat | 1 |  1.2
Dodging        | 2 |  2.4
Short Blades   | 1 |  1.2
Fighting       | |  0.4
Stealth        | |  1.2
Spellcasting   | |  1.5
Conjurations   | |  0.6
Air Magic      | |  2.2

Action                   |  1- 3 |  4- 6 || total
-------------------------+-------+-------++-------
Melee: Unarmed           |    17 |       ||    17
       Short sword       |   274 |    62 ||   336
       Punch             |     2 |       ||     2
 Cast: Shock             |     6 |     5 ||    11
  Eat: Bread ration      |     2 |       ||     2
       Chunk             |     3 |     2 ||     5
Armor: Robe              |   208 |    39 ||   247
Dodge: Dodged            |   241 |    65 ||   306
